 Dungeon Crawl Stone Soup version 0.29.0 (webtiles) character file.

Game seed: 10083262627630206009

1343 mattm the Fighter (level 8, -4/111 HPs)
             Began as a Hill Orc Fighter on Sept 11, 2022.
             Slain by Maggie
             ... wielding a +2 scimitar of electrocution
              (20 damage)
             ... on level 7 of the Dungeon.
             The game lasted 00:08:53 (4391 turns).

mattm the Fighter (Hill Orc Fighter)                Turns: 4391, Time: 00:08:54

Health: -4/111     AC: 24    Str: 21    XL:     8   Next: 62%
Magic:  8/8        EV:  2    Int:  8    God:
Gold:   254        SH:  4    Dex: 10    Spells: 7/7 levels left

rFire   . . .      SeeInvis +   a - +0 war axe
rCold   . . .      Faith    .   c - +0 buckler
rNeg    . . .      Spirit   .   (body armour currently unavailable)
rPois   +          Reflect  .   (helmet currently unavailable)
rElec   .          Harm     .   (cloak currently unavailable)
rCorr   .          Rampage  .   (gloves currently unavailable)
Will    +....      NoTele   +   (boots currently unavailable)
Stlth   +.........              h - amulet of regeneration
HPRegen 1.08/turn               r - ring of see invisible
MPRegen 0.11/turn               y - ring of willpower

@: tree-form, mesmerised, hasted, very quick
A: stationary, stasis, torment immunity, boosted hp
a: no special abilities


You were on level 7 of the Dungeon.
You were a tree.
You visited 1 branch of the dungeon, and saw 7 of its levels.

You collected 342 gold pieces.
You spent 88 gold pieces at shops.

Inventory:

Hand Weapons
 a - a +0 war axe (weapon)
Armour
 b - a +0 scale mail (melded)
 c - a +0 buckler (worn)
 e - a +1 cloak (melded)
 q - a +0 pair of gloves (melded)
Jewellery
 h - an amulet of regeneration (around neck)
 o - an amulet of the acrobat
 r - a ring of see invisible (left branch)
 y - a ring of willpower (right branch)
Wands
 v - a wand of polymorph (24)
Scrolls
 f - a scroll of noise
 l - a scroll of immolation
 m - a scroll of butterflies {unknown}
 n - 2 scrolls of blinking {unknown}
 p - 6 scrolls of teleportation {unknown}
 s - 3 scrolls of fear
 u - a scroll of magic mapping {unknown}
 x - a scroll of summoning {unknown}
Potions
 g - 5 potions of curing
 i - 2 potions of mutation
 t - a potion of heal wounds
 w - a potion of flight


   Skills:
 - Level 8.0 Fighting
 - Level 2.6 Axes
 - Level 8.0 Armour
 * Level 4.0 Dodging
 - Level 3.2 Shields


You had 7 spell levels left.
You didn't know any spells.
Your spell library contained the following spells:

 Spells                   Type           Power      Damage    Failure   Level
 Sublimation of Blood     Necr           0%         N/A       65%         2
 Wereblood                Tmut           0%         N/A       65%         2
 Hailstorm                Conj/Ice       0%         3d3       99%         4
 Ice Form                 Ice/Tmut       0%         N/A       99%         4
 Simulacrum               Ice/Necr       0%         N/A       100%        6
 Summon Hydra             Summ           0%         N/A       100%        7


Dungeon Overview and Level Annotations

Branches:
Dungeon (7/15)
 Temple: D:4-7

Altars:
Qazlal
Sif Muna
Uskayaw
Wu Jian
Zin

Shops:
D:3 ?   D:5 (*:?

Annotations:
D:7 1 exclusion, Joseph, Maggie


Message History

Maggie gestures wildly while chanting.
Maggie attempts to bespell you! You resist with almost no effort.
Joseph hits you but does no damage.
You hit Joseph but do no damage.
Joseph is almost dead.
You hit Maggie.
Maggie hits you with a +2 scimitar of electrocution!
You are electrocuted!
* * * LOW HITPOINT WARNING * * *
You feel much better. You block Joseph's attack.
You barely miss Joseph.
Joseph is almost dead.
You barely miss Maggie.
Maggie hits you with a +2 scimitar of electrocution.
You are electrocuted!
* * * LOW HITPOINT WARNING * * *
Joseph hits you but does no damage.
You hit Joseph but do no damage.
Joseph is almost dead.
You hit Maggie. Maggie hits you but does no damage.
Joseph hits you but does no damage. You block Maggie's attack.
You barely miss Joseph.
Joseph is almost dead.
You hit Maggie but do no damage. Joseph hits you but does no damage.
Maggie hits you with a +2 scimitar of electrocution.
* * * LOW HITPOINT WARNING * * *
You hit Joseph but do no damage.
Joseph is almost dead.
You hit Maggie but do no damage. Joseph barely misses you.
Maggie gestures wildly while chanting.
Maggie attempts to bespell you!
You are mesmerised by Maggie!
You closely miss Joseph.
Joseph is almost dead.
You barely miss Maggie. Joseph hits you with a +0 quarterstaff.
* * * LOW HITPOINT WARNING * * *
Maggie hits you with a +2 scimitar of electrocution!
* * * LOW HITPOINT WARNING * * *
You are electrocuted!!
You die...

# #####..## #### ##
##..### ###... .#
###..#### ####....#
.## ##....###
####....#### .>#
#.......####....####
..##
#............####
...# #..........###
...# #....@...### .
..## #....@♣..# ..
### ####(##### >...
†... .... #.....
.... #..... ....
....._.@ .... .#.†..
.... .... ....


You could see Joseph and Maggie (mesmerising).

Vanquished Creatures
  Sigmund (D:2)
  A steam dragon (D:7)
  Menkaure (D:4)
  2 black bears
  An ogre (D:4)
  A bullfrog (D:7)
  2 scorpions (D:5)
  A jelly (D:4)
  3 hounds
  3 orc priests
  2 iguanas (D:4)
  An orc wizard (D:3)
  8 adders
  A white imp (D:5)
  3 worms
  3 dart slugs
  13 orcs
  3 bats
  6 endoplasms
  3 giant cockroaches
  14 goblins
  7 hobgoblins
  9 jackals
  6 quokkas
  4 ball pythons
  2 frilled lizards
  5 kobolds
  4 rats
110 creatures vanquished.

Notes
Turn   | Place    | Note
-------+----------+-------------------------------------------
     0 | D:1      | mattm the Hill Orc Fighter began the quest for the Orb.
     0 | D:1      | Reached XP level 1. HP: 19/19 MP: 1/1
   359 | D:1      | Reached XP level 2. HP: 26/27 MP: 2/2
  1111 | D:2      | Reached skill level 5 in Fighting
  1111 | D:2      | Reached XP level 3. HP: 36/36 MP: 3/3
  1385 | D:2      | Found a faded altar of an unknown god.
  1474 | D:2      | Noticed Sigmund
  1485 | D:2      | Killed Sigmund
  1486 | D:2      | Reached XP level 4. HP: 40/48 MP: 4/4
  1486 | D:2      | Reached XP level 5. HP: 45/53 MP: 5/5
  1539 | D:2      | Reached XP level 6. HP: 61/61 MP: 6/6
  1865 | D:3      | Found Rotsof's Magic Scroll Shop.
  1873 | D:3      | Bought a scroll of identify for 22 gold pieces
  1873 | D:3      | Bought a scroll of identify for 22 gold pieces
  1873 | D:3      | Bought a scroll of fear for 44 gold pieces
  2481 | D:3      | Found an ornate altar of the Wu Jian Council.
  2656 | D:4      | Reached skill level 5 in Armour
  2739 | D:4      | Reached XP level 7. HP: 68/68 MP: 7/7
  2938 | D:4      | Noticed Menkaure
  2955 | D:4      | Killed Menkaure
  3244 | D:5      | Entered Level 5 of the Dungeon
  3244 | D:5      | Found Ziag's Magic Scroll Shop.
  3315 | D:5      | Found Raxefos's General Store.
  3330 | D:5      | Reached XP level 8. HP: 61/74 MP: 8/8
  3341 | D:5      | Reached skill level 1 in Dodging
  3407 | D:5      | Found Keluwav's Book Shop.
  3483 | D:5      | Found a glowing silver altar of Zin.
  3504 | D:5      | Found a stormy altar of Qazlal.
  3767 | D:5      | Found Waxuluqa's Weapon Emporium.
  4110 | D:7      | Found a shimmering blue altar of Sif Muna.
  4355 | D:7      | Found a hide-covered altar of Uskayaw.
  4355 | D:7      | Noticed Joseph
  4366 | D:7      | Noticed Maggie
  4391 | D:7      | Slain by Maggie

Illustrated notes

Levels and vault maps discovered:
D:1:      nagdon_arrival_zigzag_paths, layout_basic
D:2:      layout_loops_cross, shapermc_ecumenical_altar_totnotflames,
          uniq_sigmund
D:3:      layout_loops_corners, nicolae_wu_jian_immortal_techniques,
          serial_shops, nicolae_shop_advertising_works
          [nicolae_subvault_shop_adworks]
D:4:      layout_cave_pools, minmay_ogre_servants, uniq_menkaure
D:5:      layout_loops_ring, amcnicky_altar_gilded, lemuel_round_altar,
          serial_shops, shop_fountains, shop, nicolae_shop_bloodbath_and_beyond,
          shop, saegor_snake_ambush
D:6:      layout_loops_corners, regret_index_temple_of_mockery,
          minmay_temple_entry_crystal_x, hangedman_abyss_or_decor_lesser_grid,
          st_stairs_9, dreamdust_mushroom_princess
D:7:      layout_cave_pods, mainiacjoe_overflow_concentric_impassable,
          ashenzari_altar_1, nicolae_uskayaw_murder_on_the_dancefloor,
          centaur_isle, uniq_maggie, uniq_joseph

Skill      XL: |  1  2  3  4  5  6  7  8 |
---------------+-------------------------+-----
Fighting       | 4 5 7 8 |  8.0
Armour         | 5 7 8 |  8.0
Dodging        | 4 |  4.0
Axes           | |  2.6
Shields        | |  3.2

Action                   |  1- 3 |  4- 6 |  7- 9 || total
-------------------------+-------+-------+-------++-------
Melee: War axe           |    84 |   116 |   162 ||   362
Throw: Throwing net      |       |       |     2 ||     2
  Use: Potion            |     1 |       |     6 ||     7
       Scroll            |       |     3 |     6 ||     9
Armor: Scale mail        |    35 |    50 |    94 ||   179
       Skin              |       |       |    17 ||    17
Dodge: Dodged            |    36 |    54 |    89 ||   179
Block: Buckler           |    21 |    28 |    45 ||    94
